 Dungeon Crawl Stone Soup version 0.28-a0-1199-gef9e1dbd39 (webtiles) character file.

Game seed: 8810751589366127686

655 SensoryNuts the Slasher (level 7, -3/55 HPs)
             Began as a Demonspawn Fighter on Dec 19, 2021.
             Slain by a killer bee (8 damage)
             ... on level 5 of the Dungeon.
             The game lasted 00:06:03 (5737 turns).

SensoryNuts the Slasher (Demonspawn Fighter)        Turns: 5737, Time: 00:06:04

Health: -3/55      AC:  8    Str: 18    XL:     7   Next: 29%
Magic:  7/7        EV:  9    Int: 10    God:
Gold:   203        SH:  4    Dex: 12    Spells: 6/6 levels left

rFire   . . .      SeeInvis .   a - +0 long sword
rCold   + . .      Faith    .   c - +0 buckler
rNeg    . . .      Spirit   .   b - +0 scale mail
rPois   .          Reflect  .   (no helmet)
rElec   .          Harm     .   (no cloak)
rCorr   .          Rampage  .   (no gloves)
Will    +....      Clarity  +   (no boots)
Stlth   ..........              (no amulet)
HPRegen 0.18/turn               i - ring of willpower
MPRegen 0.10/turn               (no ring)

@: mighty, lethally poisoned (-3 -> -5)
A: rugged brown scales 1, demonic guardian 1, powered by pain 3, hooves 1,
clarity, cold resistance 1
a: no special abilities


You were on level 5 of the Dungeon.
You visited 1 branch of the dungeon, and saw 5 of its levels.

You collected 203 gold pieces.

Inventory:

Hand Weapons
 a - a +0 long sword (weapon)
Armour
 b - a +0 scale mail (worn)
 c - a +0 buckler (worn)
Jewellery
 i - a ring of willpower (left hand)
Scrolls
 f - 2 scrolls of teleportation
 g - a scroll of blinking {unknown}
 l - a scroll of identify {unknown}
 n - a scroll of summoning {unknown}
 p - a scroll of immolation {unknown}
Potions
 d - 5 potions of attraction {unknown}
 e - a potion of ambrosia {unknown}
 h - 2 potions of lignification {unknown}
 k - a potion of magic {unknown}
 m - 2 potions of heal wounds
 o - 2 potions of curing {unknown}


   Skills:
 + Level 4.2 Fighting
 + Level 5.3 Long Blades
 + Level 4.5 Armour
 + Level 1.3 Dodging
 + Level 0.3 Stealth
 + Level 3.1 Shields


You had 6 spell levels left.
You didn't know any spells.
Your spell library contained the following spells:

 Spells                   Type           Power      Damage    Failure   Level
 Ensorcelled Hibernation  Hex/Ice        0%         N/A       88%         2
 Spider Form              Tmut/Pois      0%         N/A       98%         3
 Stone Arrow              Conj/Erth      0%         3d7       98%         3
 Animate Armour           Summ/Erth      0%         N/A       100%        4
 Lehudib's Crystal Spear  Conj/Erth      0%         10d2      100%        8


Dungeon Overview and Level Annotations

Branches:
Dungeon (5/15)
 Temple: D:4-7

Altars:
Makhleb

Annotations:
D:5 2 transporters, bearlyready's ghost, novice MfGl


Innate Abilities, Weirdness & Mutations

You are partially covered in rugged brown scales. (AC +1, +3% HP)
A weak demonic guardian rushes to your aid.
You are powered by pain.
You have large cloven feet.
You possess an exceptional clarity of mind.
Your flesh is cold resistant. (rC+)


Message History

You are too injured to fight recklessly!
You are too injured to fight recklessly!
Unknown command.
You feel very mighty all of a sudden.
You feel sick.
You are no longer poisoned.
The killer bee stings you!
* * * LOW HITPOINT WARNING * * *
You are poisoned.
The killer bee poisons you! The killer bee stings you.
* * * LOW HITPOINT WARNING * * *
You feel much better.
You feel sick. The killer bee closely misses you. The killer bee stings you.
You are more poisoned.
The killer bee poisons you!
Okay, then.
You slash the killer bee!
You kill the killer bee!
You feel very sick.
The killer bee stings you but does no damage.
The killer bee stings you.
You miss the killer bee.
You feel sick. The killer bee stings you! The killer bee barely misses you.
You barely miss the killer bee. Your kick misses the killer bee.
You feel sick. The killer bee barely misses you.
The killer bee stings you but does no damage.
You slash the killer bee!
The killer bee is heavily wounded.
You feel sick.
The killer bee stings you but does no damage.
The killer bee closely misses you. x2
You slash the killer bee!
You kill the killer bee!
You feel sick. The killer bee barely misses you. The killer bee stings you!
* * * LOW HITPOINT WARNING * * *
A demonic guardian appears!
You slash the killer bee! Your kick misses the killer bee.
The killer bee is heavily wounded.
You feel sick. The killer bee barely misses you. The killer bee stings you!
You die...

#..# #..###
#....#
#######.#.#
###
#.......#.#
..#
#.#######.#
#.# #.# #5#
#.# #.# #.#
####.# #.#
#@#
.....###.#
#y#
.........#
#y#
##...###.#
#y# 8##..#
#.# #y#
WS#..# #.#
#.#
Tr#..###.#
#.#
.T#......#
#.#
..#..##..#


You could see 4 killer bees and a friendly white imp (summoned).

Vanquished Creatures
  A black bear (D:5)
  2 killer bees (D:5)
  2 hounds
  An orc priest (D:3)
  A centaur skeleton (D:4)
  An iguana (D:4)
  Natasha (twice) (D:3)
  5 adders
  A shadow imp (D:5)
  A white imp (D:5)
  An adder zombie (D:5)
  8 orcs
  5 ball pythons
  9 endoplasms
  3 giant cockroaches
  12 goblins
  13 hobgoblins
  3 jackals (D:1)
  4 kobolds
  6 quokkas
  A bat (D:3)
  5 frilled lizards
  5 rats
92 creatures vanquished.

Vanquished Creatures (collateral kills)
  A black bear (D:5)
  Natasha (D:3)
  An orc (D:5)
3 creatures vanquished.

Grand Total: 95 creatures vanquished

Notes
Turn   | Place    | Note
-------+----------+-------------------------------------------
     0 | D:1      | SensoryNuts the Demonspawn Fighter began the quest for the
                  | Orb.
     0 | D:1      | Reached XP level 1. HP: 18/18 MP: 1/1
    35 | D:1      | Found a faded altar of an unknown god.
   145 | D:1      | Gained mutation: You sometimes gain a little power by
                  | taking damage. [demonic ancestry]
   145 | D:1      | Reached XP level 2. HP: 22/24 MP: 2/2
   234 | D:1      | Reached skill level 2 in Long Blades
   866 | D:1      | Gained mutation: You occasionally shout uncontrollably at
                  | your foes. [potion of mutation]
   866 | D:1      | Gained mutation: You are agile. (Dex +2) [potion of
                  | mutation]
   917 | D:2      | Reached XP level 3. HP: 29/29 MP: 3/3
  1020 | D:2      | Found a burning altar of Makhleb.
  2043 | D:2      | Lost mutation: You are agile. (Dex +2) [potion of mutation]
  2043 | D:2      | Lost mutation: You occasionally shout uncontrollably at
                  | your foes. [potion of mutation]
  2043 | D:2      | Gained mutation: You possess an exceptional clarity of
                  | mind. [potion of mutation]
  2043 | D:2      | Gained mutation: You have hidden genetic potential. [potion
                  | of mutation]
  2222 | D:3      | Noticed Natasha
  2241 | D:3      | Killed Natasha
  2242 | D:3      | Gained mutation: A weak demonic guardian rushes to your
                  | aid. [demonic ancestry]
  2242 | D:3      | Reached XP level 4. HP: 10/35 MP: 4/4
  2494 | D:3      | Reached skill level 3 in Long Blades
  2495 | D:3      | Gained mutation: Your flesh is cold resistant. (rC+)
                  | [hidden potential]
  2831 | D:3      | Gained mutation: You sometimes gain power by taking damage.
                  | [demonic ancestry]
  2831 | D:3      | Reached XP level 5. HP: 41/41 MP: 5/5
  3353 | D:3      | Noticed Natasha
  3361 | D:3      | Killed Natasha
  3363 | D:3      | Gained mutation: You have large cloven feet. [hidden
                  | potential]
  3363 | D:3      | Lost mutation: You have hidden genetic potential. [hidden
                  | potential expressed]
  3876 | D:3      | Noticed Natasha
  3883 | D:3      | Killed Natasha
  3884 | D:3      | Reached skill level 4 in Long Blades
  4237 | D:4      | Gained mutation: You are partially covered in rugged brown
                  | scales. (AC +1, +3% HP) [demonic ancestry]
  4237 | D:4      | Reached XP level 6. HP: 37/49 MP: 6/6
  5174 | D:5      | Entered Level 5 of the Dungeon
  5470 | D:5      | Found a transporter.
  5471 | D:5      | Found a transporter.
  5479 | D:5      | Noticed bearlyready's ghost (novice MfGl)
  5481 | D:5      | Noticed a troll
  5503 | D:5      | Reached skill level 5 in Long Blades
  5503 | D:5      | Reached skill level 1 in Dodging
  5503 | D:5      | Gained mutation: You are powered by pain. [demonic
                  | ancestry]
  5503 | D:5      | Reached XP level 7. HP: 36/55 MP: 7/7
  5737 | D:5      | Slain by a killer bee

Illustrated notes

Levels and vault maps discovered:
D:1:      dpeg_arrival_solitude, layout_rooms,
          ebering_ecumenical_altar_sacrificial, hangedman_feature_mirror
D:2:      layout_basic, basic_altar
D:3:      cheibrodos_greedy_goblins, layout_loops_cross, uniq_natasha
D:4:      layout_basic
D:5:      layout_loops_ring, gammafunk_ghost_arena, minmay_manual_mullet

Skill      XL: |  1  2  3  4  5  6 |
---------------+-------------------+-----
Long Blades    | 2 3 4 5 |  5.3
Armour         | 3 4 |  4.5
Shields        | 3 |  3.1
Fighting       | 4 |  4.2
Dodging        | 1 |  1.3
Stealth        | |  0.3

Action                   |  1- 3 |  4- 6 |  7- 9 || total
-------------------------+-------+-------+-------++-------
Melee: Long sword        |   149 |   155 |    26 ||   330
       Kick              |       |    23 |     4 ||    27
  Use: Potion            |     4 |     1 |     2 ||     7
       Scroll            |     1 |       |       ||     1
Armor: Scale mail        |    80 |    78 |     8 ||   166
Dodge: Dodged            |    71 |    71 |    19 ||   161
Block: Buckler           |    33 |    34 |     6 ||    73

Table legend: (Time is in decaauts)
 A = Elapsed time spent in this place.
 B = Non-inter-level travel time spent in this place.
 C = Inter-level travel time spent in this place.
 D = Time resting spent in this place.
 E = Time spent auto-exploring this place.
 F = Levels seen in this place.
 G = Mean time per level.
                   A        B        C        D        E       F      G
               +--------+--------+--------+--------+--------+-----+--------+
         Total |   5831 |   4954 |    877 |      0 |   4203 |   5 | 1166.2 |
       Dungeon |   5831 |   4954 |    877 |      0 |   4203 |   5 | 1166.2 |
               +--------+--------+--------+--------+--------+-----+--------+

Top non-repeatable levels by time:
     D:3: 1849 daAuts
     D:2: 1255 daAuts
     D:4: 1238 daAuts
     D:1: 907 daAuts
     D:5: 580 daAuts
